 Dungeon Crawl Stone Soup version 0.32-a0-41-gec2d92a32c (webtiles) character file.

Game seed: 11649089065688192816

4 kae the Ruffian (level 1, 0/15 HPs)
             Began as a Demonspawn Shapeshifter on Jan 25, 2024.
             Slain by a quokka (1 damage)
             ... on level 1 of the Dungeon.
             The game lasted 00:00:08 (131 turns).

kae the Ruffian (Demonspawn Shapeshifter)            Turns: 131, Time: 00:00:09

Health: 0/15       AC:  2    Str: 14    XL:     1   Next: 50%
Magic:  1/1        EV: 12    Int: 10    God:
Gold:   21         SH:  0    Dex: 12    Spells: 0/0 levels left

rFire   . .          .
                       - Unarmed
rCold   . . .        (no shield)
rNeg    . . .        a - +0 animal skin
rPois   .            (helmet currently unavailable)
rElec   .            (cloak currently unavailable)
rCorr   .            (gloves currently unavailable)
SInv    .            (boots currently unavailable)
Will    .....        (no amulet)
Stlth   +            (no ring)
HPRegen 0.22/turn    (no ring)
MPRegen 0.07/turn

%: no passive effects
@: beast-form
A: beast (slay +1)
a: Begin Untransformation


You were on level 1 of the Dungeon.
You were a hulking beast.
You visited 1 branch of the dungeon, and saw 1 of its levels.

You collected 21 gold pieces.


   Skills:
 + Level 1.1 Fighting
 - Level 1.7 Dodging
 * Level 2.8 Unarmed Combat
 * Level 2.7 Shapeshifting


You couldn't memorise any spells.
You didn't know any spells.
Your spell library was empty.

Inventory:

Armour
 a - a +0 animal skin (worn)
Jewellery
 g - an amulet of regeneration
   (You found it on level 1 of the Dungeon)
Talismans
 c - a beast talisman
 d - a flux talisman
Scrolls
 e - a scroll of amnesia {unknown}
Potions
 b - a potion of lignification {!q}

Dungeon Overview and Level Annotations

Branches:
Dungeon (1/15) Zot: 5868

Altars:

##..#.. . ......
... #. #..#.# ...
.#..#.# ....
...... ....$
#...##.....
#.r)r...... ###
#..h....... ....
###.######.
#..####...#
#.......#..?..#
.....##.#...###..
### #.##### #.#
#.# #.##########


You could see a quokka and a rat.


Message History

The heart of this dungeon contains the splendid artefact, the Orb of Zot.
Press ? for a list of commands and other information.
Found a thin cabochon amulet.
Found a staircase leading out of the dungeon.
g - an amulet of regeneration You now have 9 gold pieces.
A ball python and a frilled lizard come into view.
The ball python hisses angrily.
There are monsters nearby!
There are monsters nearby!
There are monsters nearby!
The helpless frilled lizard fails to defend itself.
You hit the frilled lizard.
You kill the frilled lizard!
A ball python is nearby!
The ball python bites you but does no damage.
The ball python closely misses you.
You barely miss the ball python.
The ball python bites you but does no damage.
The ball python barely misses you.
A ball python is nearby!
You barely miss the ball python. The ball python closely misses you.
The ball python completely misses you.
You barely miss the ball python. The ball python barely misses you.
The ball python misses you.
A ball python is nearby!
You hit the ball python.
You kill the ball python!
No target in view!
You see here a ball python corpse.
e - a scroll labelled ANAIGAUHUT No target in view!
No target in view!
You now have 21 gold pieces (gained 12).
A giant cockroach comes into view.
Unknown command.
A giant cockroach is nearby!
A giant cockroach is nearby!
A giant cockroach is nearby!
The giant cockroach bites you.
You hit the giant cockroach. The giant cockroach bites you. 😮 HP[-4]
You take 4 damage, and now have 11/15 hp.
MASSIVE DAMAGE!! (PAUSE)
A giant cockroach is nearby!
You hit the giant cockroach.
You kill the giant cockroach!
No target in view!
A goblin comes into view. It is wielding a +0 club.
The goblin shouts! 😕 HP[+2]
You regained 2 hp, and now have 13/15 hp.
A rat comes into view.
A quokka comes into view.
There are monsters nearby!
The goblin barely misses you.
The rat squeaks loudly.
You hit the goblin. The goblin misses you.
There are monsters nearby! 😕 HP[+1]
There are monsters nearby!
You closely miss the goblin. The goblin barely misses you.
The quokka closely misses you.
You barely miss the goblin. The goblin hits you but does no damage.
The quokka closely misses you.
There are monsters nearby!
You hit the goblin.
You kill the goblin!
The rat bites you. The quokka bites you.
You are too injured to fight recklessly! 😮 HP[-6]
You take 6 damage, and now have 8/15 hp.
MASSIVE DAMAGE!! (PAUSE) Unknown command.
You are too injured to fight recklessly!
You are too injured to fight recklessly!
You are too injured to fight recklessly!
You are too injured to fight recklessly!
You hit the quokka but do no damage. The quokka barely misses you.
The rat closely misses you.
Unknown command.
You closely miss the quokka. The quokka closely misses you.
The rat barely misses you. 😮 HP[+1]
You closely miss the quokka. The quokka barely misses you. The rat misses you.
You closely miss the quokka. You punch the quokka. The quokka bites you.
* * * LOW HITPOINT WARNING * * *
The rat bites you.
* * * LOW HITPOINT WARNING * * *
The quokka bites you.
* * * LOW HITPOINT WARNING * * *
😱 HP[-6]
You take 6 damage, and now have 3/15 hp.
MASSIVE DAMAGE!! (PAUSE)
You hit the quokka but do no damage. The rat closely misses you.
The quokka barely misses you.
Unknown command.
You barely miss the quokka. The rat bites you.
* * * LOW HITPOINT WARNING * * *
The quokka bites you.
You die...

Action                     || total
---------------------------++-------
  Melee: Unarmed           ||    17
         Punch             ||     1
   Stab: Sleeping          ||     1
 Armour: Animal skin       ||    12
  Dodge: Dodged            ||    19

Levels and vault maps discovered:
D:1:      dpeg_chamrin_arrival_tetris, layout_loops_ring

Notes
Turn   | Place    | Note
-------+----------+-------------------------------------------
     0 | D:1      | kae the Demonspawn Shapeshifter began the quest for the
                  | Orb.
     0 | D:1      | Reached XP level 1. HP: 15/15 MP: 1/1
     0 | D:1      | magus.rc [v1.11.3]
   129 | D:1      | HP: 3/15 [quokka (1)]
   131 | D:1      | HP: 1/15 [rat (2)]
   131 | D:1      | Slain by a quokka

Vanquished Creatures
  A giant cockroach (D:1)
  A goblin (D:1)
  A ball python (D:1)
  A frilled lizard (D:1)
4 creatures vanquished.

Table legend:
 A = Non-vault XP
 B = Vault XP
 C = Vault XP percentage of total XP
 D = Non-vault monster count
 E = Vault monster count
 F = Vault count percentage of total count
                 A         B        C        D         E       F
            +---------+---------+-------+---------+---------+-------
      Total |       6 |       0 |   0.0 |       4 |       0 |   0.0
            +---------+---------+-------+---------+---------+-------
        D:1 |       6 |       0 |   0.0 |       4 |       0 |   0.0
            +---------+---------+-------+---------+---------+-------

Action                     || total
---------------------------++-------
  Melee: Unarmed           ||    17
         Punch             ||     1
   Stab: Sleeping          ||     1
 Armour: Animal skin       ||    12
  Dodge: Dodged            ||    19

Illustrated notes

Table legend:
 A = Kills in this place as a percentage of kills in the entire game.
 B = Kills by you in this place as a percentage of kills by you in the entire game.
 C = Kills by friends in this place as a percentage of kills by friends in the entire game.
 D = Other kills in this place as a percentage of other kills in the entire game.
 E = Experience gained in this place as a percentage of experience gained in the entire game.
 F = Experience gained in this place divided by the number of levels of this place that you have seen.
                   A       B       C       D       E      F
               +-------+-------+-------+-------+-------+----------------------
         Total | 100.0 | 100.0 |   N/A |   N/A | 100.0 |   6.0
       Dungeon | 100.0 | 100.0 |   N/A |   N/A | 100.0 |   6.0
               +-------+-------+-------+-------+-------+----------------------

Table legend: (Time is in decaauts)
 A = Elapsed time spent in this place.
 B = Non-inter-level travel time spent in this place.
 C = Inter-level travel time spent in this place.
 D = Time resting spent in this place.
 E = Time spent auto-exploring this place.
 F = Levels seen in this place.
 G = Mean time per level.
                   A        B        C        D        E       F      G
               +--------+--------+--------+--------+--------+-----+--------+
         Total |    130 |    130 |      0 |      0 |    102 |   1 |  130.0 |
       Dungeon |    130 |    130 |      0 |      0 |    102 |   1 |  130.0 |
               +--------+--------+--------+--------+--------+-----+--------+

Top non-repeatable levels by time:
     D:1: 130 daAuts
